 Dungeon Crawl Stone Soup version 0.32-a0-673-g3729bd50f8 (webtiles) character file.

Game seed: 11311579185125095540

781 ytrimaz the Sneak (level 7, 0/43 HPs)
             Began as an Octopode Shapeshifter on Mar 11, 2024.
             Slain by a wyvern (18 damage)
             ... on level 5 of the Dungeon.
             The game lasted 00:04:08 (3228 turns).

ytrimaz the Sneak (Octopode Shapeshifter)           Turns: 3228, Time: 00:04:08

Health: 0/43       AC:  1    Str: 13    XL:     7   Next: 85%
Magic:  7/7        EV: 13    Int: 15    God:
Gold:   286        SH:  0    Dex: 11    Spells: 6/6 levels left

rFire   . .          .
                       - Unarmed
rCold   . . .        (no shield)
rNeg    . . .        (helmet currently unavailable)
rPois   .            m - amulet of regeneration
rElec   .            (no ring)
rCorr   .            (no ring)
SInv    .            (no ring)
Will    .....        (no ring)
Stlth   ++++         (no ring)
HPRegen 1.07/turn    (no ring)
MPRegen 0.10/turn    (no ring)
                     (no ring)

%: no passive effects
@: beast-form, invisible
A: beast (slay +3), almost no armour, amphibious, 8 rings, camouflage 1,
gelatinous body 1, (nimble swimmer 1), tentacles
a: Begin Untransformation


You were on level 5 of the Dungeon.
You were a hulking beast.
You visited 1 branch of the dungeon, and saw 5 of its levels.

You collected 286 gold pieces.


Innate Abilities, Weirdness & Mutations

You are a hulking beast.
Your limbs bulge with bestial killing power. (Slay +3)
You cannot wear most types of armour.
You are amphibious.
You can wear up to eight rings at the same time.
Your skin changes colour to match your surroundings (Stealth+).
Your rubbery body absorbs attacks. (AC +1, EV +1)
((You are camouflaged when in or above water. (Stealth+)))
You have tentacles for arms and can constrict up to eight enemies at once.


   Skills:
 - Level 1.0 Fighting
 - Level 2.0 Dodging
 + Level 6.9 Stealth
 + Level 5.7 Unarmed Combat
 + Level 5.3 Shapeshifting


You had 6 spell levels left.
You didn't know any spells.
Your spell library contained the following spells:

 Spells                   Type           Power      Damage    Failure   Level
 Slow                     Hex            0%         N/A       26%         1
 Static Discharge         Conj/Air       0%         3-3/arc   38%         2
 Confusing Touch          Hex            0%         N/A       63%         3
 Sigil of Binding         Hex            0%         N/A       63%         3
 Vampiric Draining        Necr           0%         2d6       63%         3
 Airstrike                Air            0%         2d(0-16)  95%         4
 Summon Lightning Spire   Summ/Air       0%         N/A       95%         4

Inventory:

Jewellery
 m - an amulet of regeneration (around mantle)
   (You found it on level 2 of the Dungeon)
 r - a ring of ice
   (You found it on level 3 of the Dungeon)
Talismans
 b - a beast talisman (active)
 c - a flux talisman
 e - a granite talisman
   (You found it on level 1 of the Dungeon)
 o - a blade talisman
   (You found it on level 2 of the Dungeon)
Wands
 d - a wand of charming (7)
   (You found it on level 4 of the Dungeon)
 s - a wand of iceblast (11)
   (You found it on level 5 of the Dungeon)
Scrolls
 f - 3 scrolls of noise
 g - a scroll of identify
 h - 4 scrolls of teleportation
 n - 2 scrolls of fog
 p - a scroll of immolation
 q - a scroll of vulnerability
Potions
 a - a potion of lignification
 i - 2 potions of attraction
 j - a potion of curing
 l - a potion of magic

Dungeon Overview and Level Annotations

Branches:
Dungeon (5/15) Zot: 26514
 Temple: D:4-7

Altars:

Shops:
D:5

( ?# ..## ##
..##### #. ... ..#
## #. #.# #k# .#
#. #.# #h#
.#######.###.###.#
...(......)......#
.######...##.###.#
.# #...##.# #.# .#
#...##.###.# .#
#..........# .#
#<#.##.###.# .#
#.#.##...#.#


You could see a wyvern (unable to see you).


Message History

There is a stone staircase leading down here.
A wyvern comes into view.
A wyvern is nearby!
A wyvern is nearby!
A phantom comes into view.
A centaur comes into view.
Unknown command.
The phantom attacks as it pursues you! The phantom hits you. 😕 HP[-4]
You take 4 damage, and now have 39/43 hp.
You tentacle-slap the phantom.
Your squeeze misses the phantom. 😕 HP[+1]
You closely miss the phantom. The phantom misses you.
Unknown command. 😕 HP[+1]
You bludgeon the phantom! Your squeeze misses the phantom.
The phantom hits you!
The phantom blinks!
You blink. 😕 HP[-6]
You take 6 damage, and now have 35/43 hp.
The phantom hits you.
The phantom blinks!
You blink. 😕 HP[-2]
You take 2 damage, and now have 33/43 hp.
You miss the phantom. The phantom misses you. 😕 HP[+1]
You closely miss the phantom. The phantom hits you.
The phantom blinks!
You blink. 😮 HP[-5]
You take 5 damage, and now have 29/43 hp.
The phantom barely misses you. 😮 HP[+1] Unknown command.
You bludgeon the phantom!
Your tentacle-slap misses the phantom.
The phantom barely misses you. 😮 HP[+1] Unknown command.
You tentacle-slap the phantom but do no damage.
You squeeze the phantom.
You destroy the phantom! 😮 HP[+1] 😕 HP[+1] Unknown command. 😕 HP[+1] 😕 HP[+1] 😕 HP[+1] 😕 HP[+1]
You start resting. 😎 HP[+6]
Your hp is fully restored (43).
Unknown command.
The helpless centaur fails to defend itself.
You bludgeon the centaur! The centaur hits you!
The centaur kicks you but does no damage.
The centaur misses you.
The centaur closely misses you. 😕 HP[-7]
You take 7 damage, and now have 36/43 hp.
Unknown command.
You tentacle-slap the centaur. The centaur hits you.
The centaur kicks you. 😮 HP[-6]
You take 6 damage, and now have 30/43 hp.
You tentacle-slap the centaur. The centaur hits you. The centaur kicks you.
Unknown command. 😮 HP[-1]
You take 1 damage, and now have 29/43 hp.
You bludgeon the centaur!
You kill the centaur! 😮 HP[+1]
Things that are here:
a +0 shortbow; a centaur corpse; 😮 HP[+1] Unknown command.
You start resting. 😎 HP[+12]
Your hp is fully restored (43).
Unknown command.
You fade into invisibility!
The helpless wyvern fails to defend itself.
You tentacle-slap the wyvern.
The wyvern bites you but does no damage.
The wyvern barely misses you.
You barely miss the wyvern. Your squeeze misses the wyvern.
Unknown command.
The wyvern bites you! x2
* * * LOW HITPOINT WARNING * * *
😨 HP[-24]
You take 24 damage, and now have 19/43 hp.
MASSIVE DAMAGE!! (PAUSE)
You catch the helpless wyvern completely off-guard!
You tentacle-slap the wyvern. x2; You squeeze the wyvern.
The wyvern closely misses you. 😨 HP[+1]
You tentacle-slap the wyvern. The wyvern bites you.
* * * LOW HITPOINT WARNING * * *
😨 HP[-3]
You take 3 damage, and now have 17/43 hp.
Unknown command.
You tentacle-slap the wyvern but do no damage.
You squeeze the wyvern, but do no damage.
The wyvern completely misses you. The wyvern bites you!!
You die...

Skill      XL: |  1  2  3  4  5  6  7 |
---------------+----------------------+-----
Stealth        | 1 2 3 4 5 6 |  6.9
Unarmed Combat | 4 5 |  5.7
Shapeshifting  | 4 5 |  5.3
Fighting       | |  1.0
Dodging        | |  2.0

Action                     |  1- 3 |  4- 6 |  7- 9 || total
---------------------------+-------+-------+-------++-------
  Melee: Unarmed           |    60 |    83 |    30 ||   173
         Constrict         |    18 |    17 |     4 ||    39
         Tentacles         |    10 |    12 |     8 ||    30
         Punch             |     1 |     3 |     2 ||     6
    Use: Scroll            |     2 |    11 |       ||    13
         Potion            |       |     3 |     1 ||     4
   Stab: Sleeping          |     9 |    14 |     4 ||    27
         Invisible         |       |     1 |     1 ||     2
 Armour: Skin              |    27 |    28 |    21 ||    76
  Dodge: Dodged            |    39 |    33 |    24 ||    96

Levels and vault maps discovered:
D:1:      psy_arrival_heroes, layout_loops_cross,
          nicolae_ecumenical_snake_handling
D:2:      layout_basic, minmay_pentomino_t2
D:3:      layout_loops_cross
D:4:      layout_basic, nicolae_grassy_gnolls
D:5:      layout_loops_ring, nicolae_shop_firing_range

Notes
Turn   | Place    | Note
-------+----------+-------------------------------------------
     0 | D:1      | ytrimaz the Octopode Shapeshifter began the quest for the
                  | Orb.
     0 | D:1      | Reached XP level 1. HP: 13/13 MP: 1/1
     0 | D:1      | magus.rc [v1.9.6]
   111 | D:1      | Reached skill level 1 in Stealth
   111 | D:1      | Reached XP level 2. HP: 10/18 MP: 2/2
   249 | D:1      | Found a faded altar of an unknown god.
   834 | D:2      | Reached skill level 2 in Stealth
   844 | D:2      | Reached XP level 3. HP: 17/23 MP: 3/3
  1611 | D:3      | Reached XP level 4. HP: 28/28 MP: 4/4
  1682 | D:3      | Reached skill level 3 in Stealth
  1878 | D:3      | You pick up a book of Debilitation and begin reading...
  1878 | D:3      | You add the spells Slow, Sigil of Binding, Vampiric
                  | Draining and Confusing Touch to your library.
  1948 | D:3      | Reached skill level 4 in Unarmed Combat
  1948 | D:3      | Reached XP level 5. HP: 27/33 MP: 5/5
  1954 | D:3      | Reached skill level 4 in Stealth
  1954 | D:3      | Reached skill level 4 in Shapeshifting
  2330 | D:4      | Reached XP level 6. HP: 38/38 MP: 6/6
  2594 | D:4      | Reached skill level 5 in Stealth
  2704 | D:4      | You pick up a book of Storms and begin reading...
  2704 | D:4      | You add the spells Static Discharge, Airstrike and Summon
                  | Lightning Spire to your library.
  2741 | D:5      | Entered Level 5 of the Dungeon
  2900 | D:5      | Reached skill level 5 in Unarmed Combat
  2900 | D:5      | Reached XP level 7. HP: 34/43 MP: 7/7
  2942 | D:5      | Reached skill level 6 in Stealth
  3021 | D:5      | Reached skill level 5 in Shapeshifting
  3087 | D:5      | Found Joschoj's Firing Range.
  3149 | D:5      | Noticed a wyvern
  3228 | D:5      | Slain by a wyvern

Vanquished Creatures
  2 centaurs (D:5)
  A phantom (D:5)
  2 scorpions (D:5)
  3 bombardier beetles
  A jelly (D:5)
  2 orc priests (D:3)
  An iguana (D:5)
  3 orc wizards
  3 gnolls (D:4)
  An adder (D:2)
  2 ufetubi (D:5)
  A dart slug (D:2)
  A ribbon worm (D:3)
  7 orcs
  8 ball pythons
  7 bats
  11 endoplasms
  3 giant cockroaches
  7 goblins
  8 hobgoblins
  4 jackals (D:1)
  5 quokkas
  2 frilled lizards
  6 kobolds
  2 rats
93 creatures vanquished.

Table legend:
 A = Non-vault XP
 B = Vault XP
 C = Vault XP percentage of total XP
 D = Non-vault monster count
 E = Vault monster count
 F = Vault count percentage of total count
                 A         B        C        D         E       F
            +---------+---------+-------+---------+---------+-------
      Total |    1069 |      47 |   4.2 |      88 |       5 |   5.4
            +---------+---------+-------+---------+---------+-------
        D:1 |      27 |       1 |   3.6 |      14 |       1 |   6.7
        D:2 |      48 |       2 |   4.0 |      23 |       1 |   4.2
        D:3 |     209 |       0 |   0.0 |      22 |       0 |   0.0
        D:4 |     163 |      44 |  21.3 |      19 |       3 |  13.6
        D:5 |     622 |       0 |   0.0 |      10 |       0 |   0.0
            +---------+---------+-------+---------+---------+-------

Skill      XL: |  1  2  3  4  5  6  7 |
---------------+----------------------+-----
Stealth        | 1 2 3 4 5 6 |  6.9
Unarmed Combat | 4 5 |  5.7
Shapeshifting  | 4 5 |  5.3
Fighting       | |  1.0
Dodging        | |  2.0

Action                     |  1- 3 |  4- 6 |  7- 9 || total
---------------------------+-------+-------+-------++-------
  Melee: Unarmed           |    60 |    83 |    30 ||   173
         Constrict         |    18 |    17 |     4 ||    39
         Tentacles         |    10 |    12 |     8 ||    30
         Punch             |     1 |     3 |     2 ||     6
    Use: Scroll            |     2 |    11 |       ||    13
         Potion            |       |     3 |     1 ||     4
   Stab: Sleeping          |     9 |    14 |     4 ||    27
         Invisible         |       |     1 |     1 ||     2
 Armour: Skin              |    27 |    28 |    21 ||    76
  Dodge: Dodged            |    39 |    33 |    24 ||    96

Illustrated notes

Table legend:
 A = Kills in this place as a percentage of kills in the entire game.
 B = Kills by you in this place as a percentage of kills by you in the entire game.
 C = Kills by friends in this place as a percentage of kills by friends in the entire game.
 D = Other kills in this place as a percentage of other kills in the entire game.
 E = Experience gained in this place as a percentage of experience gained in the entire game.
 F = Experience gained in this place divided by the number of levels of this place that you have seen.
                   A       B       C       D       E      F
               +-------+-------+-------+-------+-------+----------------------
         Total | 100.0 | 100.0 |   N/A |   N/A | 100.0 | 223.2
       Dungeon | 100.0 | 100.0 |   N/A |   N/A | 100.0 | 223.2
               +-------+-------+-------+-------+-------+----------------------

Table legend: (Time is in decaauts)
 A = Elapsed time spent in this place.
 B = Non-inter-level travel time spent in this place.
 C = Inter-level travel time spent in this place.
 D = Time resting spent in this place.
 E = Time spent auto-exploring this place.
 F = Levels seen in this place.
 G = Mean time per level.
                   A        B        C        D        E       F      G
               +--------+--------+--------+--------+--------+-----+--------+
         Total |   3224 |   3179 |     45 |     93 |   2419 |   5 |  644.8 |
       Dungeon |   3224 |   3179 |     45 |     93 |   2419 |   5 |  644.8 |
               +--------+--------+--------+--------+--------+-----+--------+

Top non-repeatable levels by time:
     D:2: 841 daAuts
     D:1: 754 daAuts
     D:3: 742 daAuts
     D:5: 452 daAuts
     D:4: 432 daAuts
